 Dungeon Crawl Stone Soup version 0.31.0-11-ge490571c62 (webtiles) character file.

Game seed: 14473248161915965038

26 qw the Shooter (level 2, -1/16 HPs)
             Began as a Deep Elf Hunter on Feb 3, 2024.
             Succumbed to their own poison gas
             ... on level 1 of the Dungeon.
             The game lasted 00:00:12 (414 turns).

qw the Shooter (Deep Elf Hunter)                     Turns: 414, Time: 00:00:13

Health: -1/16      AC:  6    Str:  8    XL:     2   Next: 89%
Magic:  4/4        EV: 10    Int: 13    God:
Gold:   38         SH:  0    Dex: 18    Spells: 1/1 levels left

rFire   . . .        a - +0 shortbow
rCold   . . .        (shield currently unavailable)
rNeg    . . .        g - +1 ring mail
rPois   .            (no helmet)
rElec   .            (no cloak)
rCorr   .            (no gloves)
SInv    .            (no boots)
Will    .....        (no amulet)
Stlth   +            (no ring)
HPRegen 0.22/turn    (no ring)
MPRegen 0.09/turn

%: no passive effects
@: lethally poisoned (-1 -> -9)
A: no striking features
a: no special abilities


You were on level 1 of the Dungeon.
You visited 1 branch of the dungeon, and saw 1 of its levels.

You collected 38 gold pieces.


   Skills:
 - Level 1.5 Fighting
 + Level 6.6 Ranged Weapons
 - Level 2.4 Dodging
 - Level 1.2 Stealth


You had one spell level left.
You didn't know any spells.
Your spell library was empty.

Inventory:

Hand Weapons
 a - a +0 shortbow (weapon)
Armour
 g - a +1 ring mail (worn)
Jewellery
 h - a ring of fire
Potions
 j - a potion of degeneration {unknown}

Dungeon Overview and Level Annotations

Branches:
Dungeon (1/15)

Altars:

Shops:
D:1 (


Message History

You finish taking off your +0 scale mail.
You start putting on your armour.
You continue putting on your +0 ring mail. x5
You finish putting on your +0 ring mail.
403 ||| DROPPING +0 scale mail.
You drop a +0 scale mail.
Done exploring.
404 ||| READING scroll labelled MAIJUCU WOFURGHOIGG.
As you read the scroll labelled MAIJUCU WOFURGHOIGG, it crumbles to dust.
You feel strangely unstable.
It was a scroll of teleportation.
You start waiting.
Your surroundings suddenly seem different.
Done exploring.
409 ||| READING scroll labelled EGAXUE JOVUOSCH.
The air fills with toxic fumes!
As you read the scroll labelled EGAXUE JOVUOSCH, it crumbles to dust.
It was a scroll of poison.
Done exploring.
410 ||| READING scroll labelled YWOMIRPHO KUECS.
As you read the scroll labelled YWOMIRPHO KUECS, it crumbles to dust.
It is a scroll of enchant armour.
410 ||| ENCHANTING +0 ring mail.
Your +0 ring mail glows green for a moment.
Done exploring.
411 ||| DROPPING scroll of butterflies.
You drop a scroll of butterflies.
Done exploring.
What level of the Dungeon? (default 1, ? - help) Sorry, I don't know how to get there.
Enter note:
Enter note:
Enter note:
Enter note:
Enter note:
Enter note: You are engulfed in poison gas.
You are poisoned.
Ouch! That really hurt!
You feel very sick.
413 ||| Stepping ~*~*~tactically~*~*~ (cloud).
You feel very sick.
There is a lethal amount of poison in your body!
You die...

#.'#'.+#'.#..........####....
###.###.###.###......#.# #....
#.+#+.'#'.+#'.#).......# #....
#.###.###¤###0#¤¤¤¤¤¤..####....
#.....# #¤¤0¤¤.¤¤¤¤¤¤..........
##..### ##¤¤¤¤.¤¤¤0¤¤....##....
##.#### #.¤¤¤.¤¤¤0¤¤.....%....
#....###.#¤¤.¤0¤¤¤¤........##
####.##..#0¤@0¤¤¤¤¤......#.##
#.##.###¤#..%.........#.#.
#.#..# #¤?0¤¤¤¤¤.#........
##...## ###¤¤¤¤¤¤.#..#..#..
#..### #¤¤¤¤¤¤....#....# #.##
#.¤¤¤¤¤..%......# #.#
#.¤¤¤¤¤.....).... #.#
###¤¤¤0..%#...... #######.#
#............\.


There were no monsters in sight!

Vanquished Creatures
  A dart slug (D:1)
  2 ball pythons (D:1)
  2 endoplasms (D:1)
  A giant cockroach (D:1)
  2 goblins (D:1)
  2 hobgoblins (D:1)
  3 jackals (D:1)
  3 quokkas (D:1)
  3 frilled lizards (D:1)
  2 rats (D:1)
21 creatures vanquished.

Notes
Turn   | Place    | Note
-------+----------+-------------------------------------------
     0 | D:1      | qw the Deep Elf Hunter began the quest for the Orb.
     0 | D:1      | Reached XP level 1. HP: 12/12 MP: 3/3
     0 | D:1      | 0 ||| qw: Version: 0.3-a-155-g5e7d8dd
     0 | D:1      | 0 ||| qw: Game counter: 3185
     0 | D:1      | 0 ||| qw: Melee chars always use a shield: true
     0 | D:1      | 0 ||| qw: God list: Okawaru
     0 | D:1      | 0 ||| qw: Allow faded altars: false
     0 | D:1      | 0 ||| qw: Do Orc after clearing Dungeon:15 true
     0 | D:1      | 0 ||| qw: Do second Lair branch before Depths: true
     0 | D:1      | 0 ||| qw: Lair rune preference: random
     0 | D:1      | 0 ||| qw: Goals: Normal
     0 | D:1      | 0 ||| PLANNING D:1-11
    45 | D:1      | Found Nat Jofono's Weapon Shop.
    53 | D:1      | Reached XP level 2. HP: 9/16 MP: 4/4
    59 | D:1      | Reached skill level 6 in Ranged Weapons
    63 | D:1      | HP: 4/16 [jackal (3)]
   136 | D:1      | 136 ||| SHOPLISTING +1 triple crossbow of freezing (350
                  | gold, have 0).
   153 | D:1      | Found a faded altar of an unknown god.
   382 | D:1      | 382 ||| UPGRADING to +0 scale mail.
   392 | D:1      | 392 ||| DROPPING +0 leather armour.
   393 | D:1      | 393 ||| UPGRADING to +0 ring mail.
   403 | D:1      | 403 ||| DROPPING +0 scale mail.
   404 | D:1      | 404 ||| READING scroll labelled MAIJUCU WOFURGHOIGG.
   409 | D:1      | 409 ||| READING scroll labelled EGAXUE JOVUOSCH.
   410 | D:1      | 410 ||| READING scroll labelled YWOMIRPHO KUECS.
   410 | D:1      | 410 ||| ENCHANTING +0 ring mail.
   411 | D:1      | 411 ||| DROPPING scroll of butterflies.
   412 | D:1      | HP: 4/16 [poisoned by you (poison gas)]
   413 | D:1      | 413 ||| Stepping ~*~*~tactically~*~*~ (cloud).
   413 | D:1      | HP: 1/16 [poisoned by you (poison gas)]
   414 | D:1      | Succumbed to their own poison gas

Levels and vault maps discovered:
D:1:      erik_arrival_triangle_medium, layout_rooms, basic_ecumenical_altar,
          serial_shops, shop

Skill      XL: |  1  2 |
---------------+-------+-----
Ranged Weapons | 6 |  6.6
Fighting       | |  1.5
Dodging        | |  2.4
Stealth        | |  1.2

Action                     || total
---------------------------++-------
   Fire: Shortbow          ||    61
    Use: Scroll            ||     3
 Armour: Leather armour    ||    27
  Dodge: Dodged            ||    26

Table legend:
 A = Non-vault XP
 B = Vault XP
 C = Vault XP percentage of total XP
 D = Non-vault monster count
 E = Vault monster count
 F = Vault count percentage of total count
                 A         B        C        D         E       F
            +---------+---------+-------+---------+---------+-------
      Total |      38 |       0 |   0.0 |      21 |       0 |   0.0
            +---------+---------+-------+---------+---------+-------
        D:1 |      38 |       0 |   0.0 |      21 |       0 |   0.0
            +---------+---------+-------+---------+---------+-------
